 Dungeon Crawl Stone Soup version 0.18-a0-1243-g9e52518 (webtiles) character file.

11883 Lathuz the Grappler (level 11, 0/120 HPs)
             Began as a Troll Monk on Feb 5, 2016.
             Was a High Priest of Okawaru.
             Slain by a killer bee (3 damage)
             ... on level 2 of the Lair of Beasts.
             The game lasted 00:26:30 (9501 turns).

Lathuz the Grappler (Troll Monk)                    Turns: 9501, Time: 00:26:30

Health: 0/120      AC:  6    Str: 21    XL:     11   Next: 55%
Magic:  0/10       EV: 13    Int:  6    God:    Okawaru [*****.]
Gold:   651        SH:  0    Dex: 15    Spells: 0 memorised, 10 levels left

rFire  + . .     SeeInvis +       - Unarmed
rCold  + . .     Gourm    +     K - +0 robe (curse)
rNeg   . . .     Faith    .     (no shield)
rPois  +         Spirit   +     (helmet restricted)
rElec  +         Dismiss  .     i - +0 cloak
rCorr  +         Reflect  .     (gloves unavailable)
SustAt +         Harm     .     (boots unavailable)
MR     .....                    p - amulet of guardian spirit
Stlth  ++........               C - ring of sustain attributes
                                v - ring of see invisible

@: lethally poisoned (0 -> -29), resistant, not resistant to hostile
enchantments, unstealthy
A: unfitting armour, claws 3, fast metabolism 3, gourmand, regeneration 2,
shaggy fur 1, tough skin 2
a: Heroism, Finesse, Renounce Religion


You were on level 2 of the Lair of Beasts.
You worshipped Okawaru.
Okawaru was extremely pleased with you.
You were completely stuffed.

You visited 3 branches of the dungeon, and saw 12 of its levels.

You collected 651 gold pieces.

Inventory:

Hand Weapons
 D - a +2 great sword of holy wrath
 G - a +0 club
Missiles
 d - 359 stones (quivered)
 H - 4 tomahawks
 V - 6 poisoned javelins
Armour
 a - a +0 robe
 i - a +0 cloak (worn)
 K - a cursed +0 robe (worn)
 R - a +0 robe
Jewellery
 p - an amulet of guardian spirit (around neck)
 u - an uncursed amulet of rage
 v - a ring of see invisible (left claw)
 C - a ring of sustain attributes (right claw)
 F - the amulet of the Air {Inacc +Fly rElec EV+5 RMsl}
   (You found it on level 5 of the Dungeon)

   [amulet of inaccuracy]

   It reduces the accuracy of all your attacks.
   It affects your evasion (+5).
   It insulates you from electricity.
   It lets you fly.
   It protects you from missiles.
 U - an uncursed ring of wizardry {unknown}
Wands
 M - a wand of lightning (5/15)
 W - a wand of teleportation (7/9)
Scrolls
 c - a scroll of amnesia {unknown}
 e - 2 scrolls of magic mapping {unknown}
 l - 3 scrolls of noise
 o - 3 scrolls of recharging
 r - a scroll of fog
 t - a scroll of enchant armour {unknown}
 w - a scroll of fear {unknown}
 y - 4 scrolls of teleportation
 z - 4 scrolls of remove curse
 B - 2 scrolls of blinking
 I - a scroll of identify
Potions
 f - 2 potions of lignification {unknown}
 j - a potion of brilliance {unknown}
 m - 3 potions of cure mutation {unknown}
 q - 2 potions of haste {unknown}
 s - 2 potions of flight {unknown}
 x - a potion of berserk rage {unknown}
 A - 2 potions of heal wounds {unknown}
 E - a potion of beneficial mutation {unknown}
 J - a potion of magic {unknown}
 N - a potion of resistance
 P - a potion of mutation {unknown}
 Q - a potion of poison {unknown}
Books
 O - an Akashic Record

   Spells                             Type                      Level
   a - Dispersal                      Translocation                6
   b - Malign Gateway                 Summoning/Translocation      7
   c - Disjunction                    Translocation                8
   d - Controlled Blink               Translocation                8
Miscellaneous
 S - a fan of gales
 T - a sack of spiders
Comestibles
 b - 16 bread rations
 g - 2 royal jellies
 h - 5 meat rations
 k - a fruit
 n - 3 beef jerkies
 L - a slice of pizza
 X - 2 chunks of flesh


   Skills:
 - Level 11.0 Fighting
 + Level 6.2 Dodging
 - Level 1.1 Stealth
 - Level 12.0 Unarmed Combat


You had 10 spell levels left.
You didn't know any spells.

Dungeon Overview and Level Annotations

Branches:
Dungeon (9/15)             Temple (1/1) D:4            Lair (2/8) D:8
    Orc: D:9-12

Altars:
Ashenzari
Cheibriados
Dithmenos
Elyvilon
Fedhas
Gozag
Kikubaaqudgha
Nemelex Xobeh
Okawaru
Pakellas
Qazlal
Ru
Sif Muna
Trog
Vehumet
Xom
Yredelemnul
Zin
The Shining One


Innate Abilities, Weirdness & Mutations

You are too large for most types of armour.
You have claws for hands.
Your metabolism is lightning-fast.
You like to eat raw meat.
You heal very quickly.
You are covered in fur (AC +1).
You have very tough skin (AC +2).


Message History

* * * LOW HITPOINT WARNING * * *
You feel very sick. The killer bee stings you!
* * * LOW HITPOINT WARNING * * *
The killer bee stings you.
* * * LOW HITPOINT WARNING * * *
You are more poisoned.
The killer bee poisons you! The killer bee barely misses you.
The killer bee closely misses you.
* * * LOW HITPOINT WARNING * * *
You feel very sick. The killer bee barely misses you.
The killer bee stings you.
You are more poisoned.
The killer bee poisons you!
Drink which item? (? for menu, Esc to quit)
You feel protected.
* * * LOW HITPOINT WARNING * * *
You feel very sick. The killer bee stings you.
You die...

......# #P.....#
......###......###
#####..#.....P..P###
# ##...#....#....#
P#####..###..#....##
....#.#.# #.......#
..(..#### ##......#
....## #......#
P#.P# ##.##y@.# .
..### #.##.yyy# %.
...## ####...r#


yy. ....# ###..yy# yy% ....# #.#.#y.# yy ...P# ####..#.y#.# #..## #........y.#
##P# #........### ## #.......## You could see a queen bee, a porcupine and 8
killer bees.

Vanquished Creatures
  Harold (Lair:1)
  The ghost of Empheia the Carver, a novice HuBe of Trog (D:8)
  A hill giant (D:8)
  A gargoyle (D:9)
  2 spiny frogs
  A fire drake (Lair:1)
  5 blink frogs (Lair:1)
  Sigmund (D:3)
  A spriggan (D:7)
  The ghost of Lathuz the Ruffian, an amateur TrMo (D:3)
  A wyvern (D:9)
  12 yaks
  5 hippogriffs
  2 humans (D:8)
  A basilisk (Lair:1)
  A soldier ant (D:9)
  3 porcupines (Lair:1)
  3 water moccasins (Lair:1)
  Duvessa (D:6)
  An orc warrior (D:7)
  A phantom (D:6)
  3 sky beasts
  A necrophage (D:8)
  3 centaurs
  2 ogres
  3 crocodiles
  2 big kobolds (D:9)
  5 giant frogs
  Dowan (D:6)
  A water moccasin skeleton (D:5)
  17 killer bees
  A giant frog zombie (D:7)
  4 crimson imps
  2 centaur skeletons
  4 hounds
  A quasit (D:9)
  5 orc priests
  A jelly (D:9)
  6 orc wizards
  A giant frog skeleton (D:6)
  3 iguanas
  Terence (D:3)
  4 worker ants
  A hound skeleton (D:9)
  2 worker ant zombies
  7 gnolls
  11 adders
  2 oozes (D:2)
  An adder zombie (D:7)
  An adder skeleton (D:5)
  A worm (D:2)
  6 giant geckos
  19 orcs
  7 bats
  5 giant cockroaches
  11 goblins
  9 hobgoblins
  6 jackals
  22 kobolds
  2 quokkas
  3 ball pythons
  A giant gecko skeleton (D:6)
  4 giant newts
  A quokka zombie (D:9)
  8 rats
  2 fungi (D:8)
249 creatures vanquished.

Vanquished Creatures (collateral kills)
  Prince Ribbit (D:9)
1 creature vanquished.

Grand Total: 250 creatures vanquished

Notes
Turn   | Place    | Note
--------------------------------------------------------------
     0 | D:1      | Lathuz the Troll Monk began the quest for the Orb.
     0 | D:1      | Reached XP level 1. HP: 22/22 MP: 0/0
    99 | D:1      | Reached XP level 2. HP: 29/29 MP: 1/1
   511 | D:1      | Reached skill level 5 in Unarmed Combat
   517 | D:1      | Reached XP level 3. HP: 36/36 MP: 2/2
   935 | D:2      | Reached XP level 4. HP: 44/44 MP: 3/3
  1497 | D:3      | Noticed Sigmund
  1507 | D:3      | Killed Sigmund
  1507 | D:3      | Reached skill level 7 in Unarmed Combat
  1507 | D:3      | Reached XP level 5. HP: 40/50 MP: 4/4
  1672 | D:3      | Reached XP level 6. HP: 53/59 MP: 5/5
  1836 | D:3      | Noticed Terence
  1840 | D:3      | Killed Terence
  1862 | D:3      | Noticed Lathuz's ghost (amateur TrMo)
  1874 | D:3      | Killed Lathuz's ghost
  1874 | D:3      | Reached skill level 8 in Unarmed Combat
  2329 | D:4      | Found a snail-covered altar of Cheibriados.
  2505 | D:4      | Reached XP level 7. HP: 59/66 MP: 6/6
  2551 | D:4      | Found a staircase to the Ecumenical Temple.
  2591 | D:4      | Found a stormy altar of Qazlal.
  2592 | D:4      | Noticed an air elemental
  2593 | D:4      | Noticed a water elemental
  2601 | D:4      | Noticed a fire elemental
  2827 | D:5      | Entered Level 5 of the Dungeon
  2844 | D:5      | Found a shimmering altar of Xom.
  2876 | D:5      | Found a sacrificial altar of Ru.
  2877 | D:5      | Found a radiant altar of Vehumet.
  2877 | D:5      | Found a shattered altar of Ashenzari.
  2878 | D:5      | Found a glowing silver altar of Zin.
  2882 | D:5      | Found an oddly glowing altar of Pakellas.
  3043 | D:5      | Reached skill level 9 in Unarmed Combat
  3514 | D:5      | Reached skill level 10 in Unarmed Combat
  3526 | D:5      | Reached XP level 8. HP: 72/74 MP: 7/7
  3752 | Temple   | Entered the Ecumenical Temple
  3784 | Temple   | Became a worshipper of Warmaster Okawaru
  3784 | Temple   | Reached * piety under Okawaru
  3784 | Temple   | Reached ** piety under Okawaru
  4293 | D:6      | Reached skill level 11 in Unarmed Combat
  4417 | D:6      | Noticed Duvessa
  4417 | D:6      | Noticed Dowan
  4426 | D:6      | Killed Duvessa
  4433 | D:6      | Killed Dowan
  4529 | D:6      | Reached *** piety under Okawaru
  4703 | D:7      | Reached skill level 12 in Unarmed Combat
  4771 | D:7      | Reached XP level 9. HP: 24/80 MP: 3/8
  4849 | D:7      | Found a shadowy altar of Dithmenos.
  5568 | D:7      | Reached skill level 5 in Fighting
  5960 | D:8      | Found a staircase to the Lair.
  6002 | D:8      | Reached **** piety under Okawaru
  6121 | D:8      | Noticed a hill giant
  6127 | D:8      | Killed a hill giant
  6154 | D:8      | Noticed Empheia's ghost (novice HuBe)
  6162 | D:8      | Killed Empheia's ghost
  6162 | D:8      | Reached XP level 10. HP: 30/104 MP: 2/9
  6164 | D:8      | Found an iron altar of Okawaru.
  6744 | D:9      | Reached ***** piety under Okawaru
  6863 | D:9      | Noticed a gargoyle
  6875 | D:9      | Killed a gargoyle
  7086 | D:9      | Noticed Prince Ribbit
  7096 | D:9      | Killed Prince Ribbit
  7281 | D:9      | Found a white marble altar of Elyvilon.
  7340 | D:9      | Received a gift from Okawaru
  7354 | D:9      | Reached skill level 10 in Fighting
  7500 | D:9      | Found an ancient bone altar of Kikubaaqudgha.
  8080 | Lair:1   | Entered Level 1 of the Lair of Beasts
  8207 | Lair:1   | Received a gift from Okawaru
  8223 | Lair:1   | Reached XP level 11. HP: 47/119 MP: 5/10
  8457 | Lair:1   | Noticed Harold
  8747 | Lair:1   | Killed Harold
  9022 | Lair:1   | Reached skill level 5 in Dodging
  9396 | Lair:2   | Received a gift from Okawaru
  9500 | Lair:2   | HP: 6/120 [poisoned by a killer bee]
  9501 | Lair:2   | Slain by a killer bee

Vault maps used:
D:1:      scummos_arrival_gate, nrook_uturn, grunt_decor_arrowhead
D:2:      guppyfry_early_lair_pool
D:3:      kennysheep_minor_cross, uniq_terence, uniq_sigmund
D:4:      nicolae_qazlal_style_of_elements, cheibriados_altar_1,
          minmay_temple_entry_hall, first_bread
D:5:      grunt_temple_overflow_open
D:6:      uniq_duvessa
D:7:      old_standard_altar, the_bakery
D:8:      dpeg_oklobed_lair, okawaru_humans
D:9:      lemuel_doored_altar, kiku_gazebo_pond_becter, uniq_prince_ribbit1
Temple:   jpeg_temple_clearing_9
Lair:1:   grunt_megastairs_5, uniq_harold
Lair:2:   special_room

Action                   |  1- 3 |  4- 6 |  7- 9 | 10-12 || total
-------------------------+-------+-------+-------+-------++-------
Melee: Unarmed           |    96 |   135 |   244 |   278 ||   753
Throw: Stone             |     1 |     1 |       |       ||     2
Invok: Heroism           |       |       |     3 |     5 ||     8
       Finesse           |       |       |       |     1 ||     1
Evoke: Fan of gales      |       |       |       |     1 ||     1
  Use: Scroll            |       |     1 |     4 |     9 ||    14
       Potion            |       |       |       |     4 ||     4
 Stab: Sleeping          |     5 |     1 |     3 |     4 ||    13
  Eat: Chunk             |    11 |    16 |    35 |    30 ||    92
       Fruit             |       |       |       |     1 ||     1
